 Dungeon Crawl Stone Soup version 0.30-a0-3-gc9032a9cac (webtiles) character file.

Game seed: 15312077215484798626

101 BritishOli the Trooper (level 4, -3/37 HPs)
             Began as a Demonspawn Fighter on Aug 20, 2022.
             Killed from afar by an orc wizard (5 damage)
             ... with a puff of flame
             ... on level 3 of the Dungeon.
             The game lasted 00:01:43 (2497 turns).

BritishOli the Trooper (Demonspawn Fighter)         Turns: 2497, Time: 00:01:43

Health: -3/37      AC:  6    Str: 18    XL:     4   Next: 48%
Magic:  4/4        EV:  9    Int:  9    God:
Gold:   184        SH:  5    Dex: 13    Spells: 3/3 levels left

rFire   . . .      SeeInvis .    a - +0 long sword
rCold   . . .      Faith    .    c - +0 buckler
rNeg    . . .      Spirit   .    b - +0 scale mail
rPois   .          Reflect  .    (helmet restricted)
rElec   .          Harm     .    (no cloak)
rCorr   .          Rampage  .    (no gloves)
Will    .....                    (no boots)
Stlth   ..........               (no amulet)
HPRegen 0.12/turn                (no ring)
MPRegen 0.09/turn                (no ring)

@: no status effects
A: antennae 2
a: no special abilities


You were on level 3 of the Dungeon.
You visited 1 branch of the dungeon, and saw 3 of its levels.

You collected 184 gold pieces.

Inventory:

Hand Weapons
 a - a +0 long sword (weapon)
Armour
 b - a +0 scale mail (worn)
 c - a +0 buckler (worn)
Scrolls
 f - 8 scrolls of identify {unknown}
 h - a scroll of torment {unknown}
 i - a scroll of fear {unknown}
 j - a scroll of magic mapping {unknown}
 k - 2 scrolls of teleportation {unknown}
Potions
 d - 2 potions of might
 e - 2 potions of berserk rage {unknown}
 g - a potion of brilliance {unknown}
 l - a potion of degeneration {unknown}
 m - a potion of resistance {unknown}


   Skills:
 + Level 3.6 Fighting
 + Level 2.6 Long Blades
 + Level 3.3 Armour
 + Level 3.3 Shields


You had 3 spell levels left.
You didn't know any spells.
Your spell library contained the following spells:

 Spells                   Type           Power      Damage    Failure   Level
 Poisonous Vapours        Pois/Air       0%         N/A       94%         2
 Corpse Rot               Necr/Pois/Air  0%         N/A       100%        4


Dungeon Overview and Level Annotations

Branches:
Dungeon (3/15)

Altars:

Shops:
D:2 *


Innate Abilities, Weirdness & Mutations

You have a pair of antennae on your head.


Message History

You kill the orc!
The rat bites you but does no damage.
You hear some strange, mumbled words.
A puff of flame appears from out of thin air!
You block the puff of flame.
You barely miss the rat. The rat bites you but does no damage.
Something hits you.
A magic dart appears from out of thin air!
The magic dart hits you. The rat barely misses you.
Things that are here:
a +0 club; an orc corpse You are too injured to fight recklessly!
You slash the rat!
You kill the rat!
Something hits you but does no damage. Something hits you but does no damage.
You miss something. Something hits you but does no damage.
You barely miss something. Something hits you but does no damage.
You miss something. Something hits you but does no damage. Something hits you.
* * * LOW HITPOINT WARNING * * *
You miss something.
An orc wizard appears from thin air!
Reactivating autopickup.
The orc wizard points at you and mumbles some strange words.
You are confused.
You barely miss the orc wizard.
The orc wizard hits you but does no damage.
The orc wizard points at you and mumbles some strange words.
The magic dart hits you.
* * * LOW HITPOINT WARNING * * *
The orc wizard points at you and mumbles some strange words.
You resist with some effort.
You feel less confused. You block the orc wizard's attack.
The orc wizard closely misses you.
The orc wizard attacks as you move away!
The orc wizard hits you with a +0 dagger.
* * * LOW HITPOINT WARNING * * *
The orc wizard gestures at you while chanting.
The puff of flame hits you.
You die...

########
#......#
#......#
#......#
#......##
#!......#
#.......###
##?..)).@..##
#......)....###.
#
#$.....o........
.
#...............
.
#......†........
.
#######..###..$.
#....####. ...
##.....#
#.........
####..## ..
......


You could see an orc wizard.

Vanquished Creatures
  3 adders
  2 dart slugs
  7 orcs (D:3)
  4 ball pythons
  7 bats
  5 endoplasms
  2 giant cockroaches
  4 goblins (D:2)
  4 hobgoblins
  4 kobolds
  6 quokkas
  2 frilled lizards (D:3)
  9 rats
59 creatures vanquished.

Notes
Turn   | Place    | Note
-------+----------+-------------------------------------------
     0 | D:1      | BritishOli the Demonspawn Fighter began the quest for the
                  | Orb.
     0 | D:1      | Reached XP level 1. HP: 18/18 MP: 1/1
   223 | D:1      | Gained mutation: You have a pair of small antennae on your
                  | head. [demonic ancestry]
   223 | D:1      | Reached XP level 2. HP: 13/24 MP: 2/2
   234 | D:1      | HP: 1/24 [hobgoblin (4)]
   610 | D:1      | Found a faded altar of an unknown god.
   755 | D:2      | Found Diuptel's Assorted Antiques.
   768 | D:2      | Gained mutation: You have a pair of antennae on your head.
                  | [demonic ancestry]
   768 | D:2      | Reached XP level 3. HP: 20/29 MP: 3/3
  2000 | D:3      | Reached XP level 4. HP: 35/35 MP: 4/4
  2497 | D:3      | Killed from afar by an orc wizard

Illustrated notes

Levels and vault maps discovered:
D:1:      dpeg_arrival_ratfight, layout_rooms,
          hellmonk_ecumenical_altar_pennies_from_heaven
D:2:      wad_river_or_something, layout_rooms, basic_altar, serial_shops,
          nicolae_shop_trees
D:3:      layout_rooms

Skill      XL: |  1  2 |
---------------+-------+-----
Long Blades    | 2 |  2.6
Armour         | 3 |  3.3
Shields        | 3 |  3.3
Fighting       | |  3.6

Action                   |  1- 3 |  4- 6 || total
-------------------------+-------+-------++-------
Melee: Long sword        |   176 |    67 ||   243
Armor: Scale mail        |   116 |    27 ||   143
Dodge: Dodged            |   103 |    34 ||   137
Block: Buckler           |    40 |    23 ||    63

Table legend: (Time is in decaauts)
 A = Elapsed time spent in this place.
 B = Non-inter-level travel time spent in this place.
 C = Inter-level travel time spent in this place.
 D = Time resting spent in this place.
 E = Time spent auto-exploring this place.
 F = Levels seen in this place.
 G = Mean time per level.
                   A        B        C        D        E       F      G
               +--------+--------+--------+--------+--------+-----+--------+
         Total |   2589 |   2550 |     39 |    619 |   1418 |   3 |  863.0 |
       Dungeon |   2589 |   2550 |     39 |    619 |   1418 |   3 |  863.0 |
               +--------+--------+--------+--------+--------+-----+--------+

Top non-repeatable levels by time:
     D:2: 1179 daAuts
     D:1: 779 daAuts
     D:3: 630 daAuts
